 Dungeon Crawl Stone Soup version 0.21-a0-442-g848f44b (webtiles) character file.

6683 mortelune the Cleaver (level 10, -4/96 HPs)
             Began as a Minotaur Berserker on Nov 15, 2017.
             Was a High Priest of Trog.
             Slain by a vampire (10 damage)
             ... on level 9 of the Dungeon.
             The game lasted 00:28:48 (8157 turns).

mortelune the Cleaver (Minotaur Berserker)          Turns: 8157, Time: 00:28:49

Health: -4/96      AC: 20    Str: 33    XL:     10   Next: 73%
Magic:  9/9        EV:  9    Int:  4    God:    Trog [*****.]
Gold:   205        SH:  0    Dex: 10    Spells: 9/9 levels left

rFire    . . .     SeeInvis .   j - +0 war axe
rCold    . . .     Gourm    +   (no shield)
rNeg     . . .     Faith    .   n - +0 plate armour
rPois    .         Spirit   .   (helmet restricted)
rElec    .         Reflect  .   (no cloak)
rCorr    .         Harm     .   B - +1 pair of gloves
MR       .....                  J - +2 pair of boots {Stlth+}
Stlth    ..........             H - amulet of the gourmand
HPRegen  0.26/turn              s - +3 ring of strength
MPRegen  0.11/turn              y - +3 ring of slaying

@: mighty, lethally poisoned (-4 -> -5)
A: retaliatory headbutt, horns 2
a: Berserk, Trog's Hand, Brothers in Arms, Burn Spellbooks, Renounce Religion


You were on level 9 of the Dungeon.
You worshipped Trog.
Trog was extremely pleased with you.
You were full.

You visited 1 branch of the dungeon, and saw 9 of its levels.
You also visited: Ossuary.

You collected 633 gold pieces.
You spent 428 gold pieces at shops.

Inventory:

Hand Weapons
 a - a +3 flail of holy wrath
 b - a +0 hunting sling
 j - a +0 war axe (weapon)
Missiles
 e - 373 stones (quivered)
 t - 80 sling bullets
Armour
 n - a +0 plate armour (worn)
 r - a +0 shield
 v - a +3 scale mail of fire resistance
 B - a +1 pair of gloves (worn)
 J - a +2 pair of boots of stealth (worn)
Jewellery
 m - a +3 ring of intelligence
 s - a +3 ring of strength (left hand)
 y - a +3 ring of slaying (right hand)
 H - an amulet of the gourmand (around neck)
Wands
 g - a wand of acid (7/15)
 q - a wand of digging (12/24)
 A - a wand of paralysis (7/24)
 C - a wand of random effects (29/48)
 L - a wand of iceblast (6/15)
Scrolls
 d - a scroll of enchant weapon
 h - 5 scrolls of teleportation
 i - a scroll of fog
 l - 13 scrolls of remove curse
 p - a scroll of immolation
 K - a scroll of enchant armour
Potions
 f - 2 potions of cancellation
 k - 2 potions of curing
 o - 3 potions of lignification
 u - a potion of berserk rage {unknown}
 w - 2 potions of heal wounds {unknown}
 x - 2 potions of resistance
 z - 3 potions of might
 D - a potion of agility {unknown}
 G - a potion of brilliance {unknown}
Books
 F - a book of Minor Magic

   Spells                             Type                      Level
   a - Magic Dart                     Conjuration                  1
   b - Blink                          Translocation                2
   c - Call Imp                       Summoning                    2
   d - Slow                           Hexes                        2
   e - Conjure Flame                  Conjuration/Fire             3
   f - Mephitic Cloud                 Conjuration/Poison/Air       3
   Trog disapproves of the use of such an item.
Comestibles
 c - 10 bread rations
 E - a fruit
 I - a royal jelly


   Skills:
 + Level 11.2 Fighting
 * Level 13.3 Axes
 + Level 10.0 Armour
 - Level 2.1 Dodging


You had 9 spell levels left.
You didn't know any spells.

Dungeon Overview and Level Annotations

Branches:
Dungeon (9/15)             Temple (0/1) D:6
   Lair: D:8-11         Orc: D:9-12

Altars:
Ashenzari
Gozag
Kikubaaqudgha
Okawaru
Qazlal
Ru
Sif Muna
Trog
Wu Jian
Zin

Shops:
D:5 }   D:7 [


Innate Abilities, Weirdness & Mutations

You reflexively headbutt those who attack you in melee.
You have a pair of horns on your head.


Message History

Something hits you but does no damage. Something bites you but does no damage.
You barely miss something. Something hits you. Something bites you!
Something draws strength from your injuries!
You slash something! Your headbutt misses something.
You hit something but do no damage. Your headbutt misses something.
You feel sick. Something hits you but does no damage.
Something completely misses you.
You closely miss something.
Unholy energy fills the air.
* * * LOW HITPOINT WARNING * * *
You slash something!
Your skin stops crawling.
You feel less resistant to hostile enchantments.
Something hits you.
* * * LOW HITPOINT WARNING * * *
Something bites you but does no damage.
You feel very mighty all of a sudden. Something hits you!
* * * LOW HITPOINT WARNING * * *
Something bites you!
You die...

..# #####.#. #.# ...
.>..... #.# ... . ......
#.# .... .. . ..## #.##
.....
#..##.#.##.#..###.....
#...>.#.##.....#......
.........####.........
.......%..({@.........
#.y.......)##.##...###
#..........##.####...#
#..##....#.##...§###..##
.. #............§§###..#
# #.##.####.###.§§§§..#
... #.. ...# #..§#####
... ...##### ###.# #..


There were no monsters in sight!

Vanquished Creatures
  Erica (D:9)
  A two-headed ogre (D:8)
  Joseph (D:7)
  Maurice (D:8)
  A troll (D:9)
  A hippogriff (D:8)
  Eustachio (D:6)
  Menkaure (D:5)
  Edmund (D:4)
  2 ice beasts
  4 orc warriors
  2 ogres
  5 centaurs
  4 elf zombies (Ossuary)
  3 bullfrogs
  A gnoll sergeant (D:6)
  3 wights (D:7)
  4 killer bees (D:9)
  A howler monkey (D:6)
  3 crimson imps
  A centaur zombie (Ossuary)
  2 human zombies (Ossuary)
  3 bullfrog zombies
  6 jellies
  5 orc priests
  A bullfrog skeleton (D:6)
  A centaur skeleton (D:5)
  6 hounds
  13 orc wizards
  An iguana (D:7)
  4 worker ants
  2 big kobold zombies (Ossuary)
  3 mummies
  18 gnolls
  16 adders
  2 shadow imps
  7 oozes (D:2)
  4 adder zombies
  An adder skeleton (D:7)
  3 worms
  A dart slug (D:2)
  8 leopard geckos
  26 orcs
  7 giant cockroaches
  2 goblins
  6 hobgoblins
  14 jackals
  19 kobolds
  4 quokkas
  2 ball pythons
  7 bats
  8 frilled lizards
  A goblin zombie (Ossuary)
  4 hobgoblin zombies (Ossuary)
  10 kobold zombies (Ossuary)
  A leopard gecko skeleton (D:7)
  11 orc zombies (Ossuary)
  A quokka skeleton (D:5)
  9 rats
  2 rat zombies (D:4)
  2 fungi (D:2)
285 creatures vanquished.

Vanquished Creatures (collateral kills)
  Grinder (D:5)
  A killer bee (D:9)
2 creatures vanquished.

Vanquished Creatures (others)
  A bush (D:6)
  A fungus (D:2)
  7 toadstools (D:2)
9 creatures vanquished.

Grand Total: 296 creatures vanquished

Notes
Turn   | Place    | Note
-------+----------+-------------------------------------------
     0 | D:1      | mortelune the Minotaur Berserker began the quest for the Orb.
     0 | D:1      | Reached XP level 1. HP: 19/19 MP: 0/0
   179 | D:1      | Reached skill level 4 in Axes
   210 | D:1      | Reached XP level 2. HP: 25/27 MP: 1/1
   545 | D:1      | Reached XP level 3. HP: 34/34 MP: 2/2
   563 | D:1      | Reached ** piety under Trog
  1152 | D:2      | Reached XP level 4. HP: 41/41 MP: 3/3
  1221 | D:2      | Reached skill level 5 in Fighting
  1221 | D:2      | Reached skill level 5 in Axes
  1400 | D:2      | Reached XP level 5. HP: 48/48 MP: 4/4
  1403 | D:2      | Reached *** piety under Trog
  1405 | D:2      | Reached skill level 6 in Axes
  1551 | D:2      | Found a sacrificial altar of Ru.
  1729 | D:3      | Reached XP level 6. HP: 57/57 MP: 5/5
  2477 | D:4      | Noticed Edmund
  2488 | D:4      | Killed Edmund
  2658 | D:4      | Found a glowing silver altar of Zin.
  2719 | D:4      | Found a stormy altar of Qazlal.
  2719 | D:4      | Found an opulent altar of Gozag.
  3009 | D:4      | Reached skill level 7 in Axes
  3009 | D:4      | Reached XP level 7. HP: 59/64 MP: 6/6
  3052 | D:4      | Found an ancient bone altar of Kikubaaqudgha.
  3269 | D:5      | Entered Level 5 of the Dungeon
  3592 | D:5      | Reached **** piety under Trog
  3596 | D:5      | Reached skill level 5 in Armour
  3722 | D:5      | Found Leirph's Gadget Boutique.
  3730 | D:5      | Bought a wand of acid (7/15) for 286 gold pieces
  3844 | D:5      | Noticed Grinder
  3846 | D:5      | Paralysed by Grinder for 3 turns
  3857 | D:5      | Paralysed by Grinder for 7 turns
  3868 | D:5      | Killed Grinder
  3868 | D:5      | Reached skill level 8 in Axes
  3868 | D:5      | Reached XP level 8. HP: 10/74 MP: 7/7
  4336 | D:5      | Noticed Menkaure
  4345 | D:5      | Killed Menkaure
  4850 | D:6      | Noticed Eustachio
  4895 | D:6      | Reached skill level 9 in Axes
  4914 | D:6      | Killed Eustachio
  5036 | D:6      | Reached XP level 9. HP: 27/83 MP: 8/8
  5297 | D:6      | Reached skill level 10 in Axes
  5394 | D:6      | Found a shattered altar of Ashenzari.
  5435 | D:6      | Found a staircase to the Ecumenical Temple.
  5500 | D:6      | Found an iron altar of Okawaru.
  5649 | D:6      | Found a deep blue altar of Sif Muna.
  6228 | D:7      | Found a sand-covered staircase.
  6231 | D:7      | Reached ***** piety under Trog
  6235 | Ossuary  | Entered an ossuary
  6281 | Ossuary  | Reached skill level 11 in Axes
  6512 | Ossuary  | Reached skill level 10 in Fighting
  6546 | D:7      | Received a gift from Trog
  6684 | D:7      | Found Sacerr's Antique Armour Boutique.
  6690 | D:7      | Found a bloodstained altar of Trog.
  6692 | D:7      | Bought a pair of embroidered boots for 142 gold pieces
  6712 | D:7      | Noticed Joseph
  6722 | D:7      | Killed Joseph
  7293 | D:8      | Found an ornate altar of the Wu Jian Council.
  7299 | D:8      | Reached XP level 10. HP: 93/93 MP: 9/9
  7417 | D:8      | Noticed Maurice
  7449 | D:8      | Killed Maurice
  7449 | D:8      | Reached skill level 12 in Axes
  7592 | D:8      | Noticed a two-headed ogre
  7649 | D:8      | Killed a two-headed ogre
  8108 | D:9      | Noticed Erica
  8136 | D:9      | Killed Erica
  8136 | D:9      | Reached skill level 13 in Axes
  8141 | D:9      | Reached skill level 10 in Armour
  8157 | D:9      | Slain by a vampire

Vault maps used:
D:1:      matt_arrival_los_fun
D:2:      cheibrodos_fertilizer, nicolae_ru_great_annihilating_truth
D:4:      lemuel_zombie_altar_kikubaaqudgha, kennysheep_little_box,
          gammafunk_temple_overflow_pools, uniq_edmund
D:5:      first_bread, serial_shops, shop, serial_bayou_lake_a, uniq_grinder,
          uniq_menkaure
D:6:      lemuel_doored_altar, lemuel_crystal_altar, temple_pool_b,
          kb_lookout_dungeons_type, evilmike_ruin_ashenzari, uniq_eustachio
D:7:      lemuel_crystal_altar, serial_shops, shop, gup_ossuary_entry_pyramid,
          uniq_joseph
D:8:      lemuel_round_altar, uniq_maurice
D:9:      david_orc_4, basic_altar, the_bakery, nicolae_gozag_seed_capital,
          uniq_erica
Ossuary:  ossuary_tomb_1

Skill      XL: |  1  2  3  4  5  6  7  8  9 10 |
---------------+-------------------------------+-----
Fighting       | 4 5 6 8 9 10 11 | 11.2
Axes           | 4 5 6 7 8 9 11 13 | 13.3
Armour         | 4 5 7 8 10 | 10.0
Dodging        | |  2.1

Action                   |  1- 3 |  4- 6 |  7- 9 | 10-12 || total
-------------------------+-------+-------+-------+-------++-------
Melee: Hand axe          |    81 |   149 |    15 |       ||   245
       Headbutt          |    10 |    32 |    63 |    25 ||   130
       Flail             |       |       |   258 |    16 ||   274
       War axe           |       |       |    32 |   102 ||   134
 Fire: Hunting sling     |     5 |     3 |    10 |       ||    18
Invok: Berserk           |     1 |     2 |     2 |     2 ||     7
       Trog's Hand       |       |     1 |       |     1 ||     2
       Brothers in Arms  |       |       |     1 |     1 ||     2
       Burn Spellbooks   |       |       |       |     1 ||     1
  Use: Scroll            |       |     2 |    10 |     2 ||    14
       Potion            |       |       |       |     1 ||     1
 Stab: Invisible         |       |     1 |       |       ||     1
       Paralysed         |       |     1 |       |       ||     1
  Eat: Chunk             |     1 |     8 |    11 |     6 ||    26
       Meat ration       |       |       |     2 |       ||     2
Armor: Animal skin       |     5 |       |       |       ||     5
       Chain mail        |    37 |    27 |       |       ||    64
       Plate armour      |       |    53 |    54 |    92 ||   199
       Scale mail        |       |       |    98 |       ||    98
Dodge: Dodged            |    42 |    57 |   128 |    50 ||   277
Block: Shield            |       |       |    44 |       ||    44

Table legend:
 A = Spawn XP
 B = Non-spawn XP
 C = Spawn XP percentage of total XP
 D = Spawn monster count
 E = Non-spawn monster count
 F = Spawn count percentage of total count
 G = Total turns spent on level
                    A         B        C        D         E        F      G
               +---------+---------+-------+---------+---------+-------+---------
         Total |       0 |    9548 |   0.0 |       0 |     285 |   0.0 |  8157
               +---------+---------+-------+---------+---------+-------+---------
           D:1 |       0 |      42 |   0.0 |       0 |      25 |   0.0 |   700
           D:2 |       0 |     319 |   0.0 |       0 |      44 |   0.0 |   973
           D:3 |       0 |      96 |   0.0 |       0 |      22 |   0.0 |   800
           D:4 |       0 |     408 |   0.0 |       0 |      18 |   0.0 |   817
           D:5 |       0 |     885 |   0.0 |       0 |      21 |   0.0 |  1487
           D:6 |       0 |    1758 |   0.0 |       0 |      44 |   0.0 |  1244
           D:7 |       0 |    1285 |   0.0 |       0 |      28 |   0.0 |   883
           D:8 |       0 |    2481 |   0.0 |       0 |      33 |   0.0 |   877
           D:9 |       0 |    1650 |   0.0 |       0 |      11 |   0.0 |    84
       Ossuary |       0 |     624 |   0.0 |       0 |      39 |   0.0 |   292
               +---------+---------+-------+---------+---------+-------+---------
